 Dungeon Crawl Stone Soup version 0.16.1-30-g34a7ffa (webtiles) character file.

85 Mysteryquy the Ruffian (level 4, -3/39 (40) HPs)
             Began as a Ghoul Monk on June 25, 2015.
             Was a Believer of Okawaru.
             Slain by Sigmund
             ... wielding a +2 scythe of venom
              (6 damage)
             ... on level 3 of the Dungeon.
             The game lasted 00:04:15 (1708 turns).

Mysteryquy the Ruffian (Ghoul Monk)                 Turns: 1708, Time: 00:04:15

HP:   -3/39 (40)    AC:  4    Str: 14    XL:     4   Next: 48%
MP:   3/3           EV: 13    Int:  5    God:    Okawaru [**....]
Gold: 136           SH:  0    Dex: 12    Spells: 0 memorised, 3 levels left

rFire  . . .     SeeInvis .       - Unarmed
rCold  + . .     Clarity  .     a - +0 robe
rNeg   + + +     SustAb   .     (no shield)
rPois  ∞         Gourm    .     o - +0 helmet
rElec  .         Spirit   .     g - +0 cloak
rCorr  .         Warding  .     (no gloves)
rMut   .         Stasis   .     (no boots)
MR     .....                    (no amulet)
Stlth  ++........               (no ring)
                                (no ring)

@: rotting, not resistant to hostile enchantments, unstealthy
A: rotting body, claws 1, carnivore 3, cold resistance 1, negative energy
resistance 3, poison resistance, slow healing 1, torment resistance, unbreathing
a: Heroism, Renounce Religion


You were on level 3 of the Dungeon.
You worshipped Okawaru.
Okawaru was pleased with you.
You were not hungry.

You visited 1 branch of the dungeon, and saw 3 of its levels.

You collected 136 gold pieces.

Inventory:

Armour
 a - a +0 robe (worn)
 g - a +0 cloak (worn)
 i - a +0 leather armour
 o - a +0 helmet (worn)
Jewellery
 n - an uncursed amulet of regeneration {unknown}
Scrolls
 b - a scroll of identify {unknown}
 c - a scroll of blinking {unknown}
 d - a scroll of enchant armour {unknown}
 e - 2 scrolls of remove curse {unknown}
 h - 2 scrolls of magic mapping {unknown}
 j - a scroll of noise {unknown}
 r - a scroll of enchant weapon {unknown}
Potions
 k - 2 potions of brilliance {unknown}
 m - a potion of flight {unknown}
 q - a potion of curing {unknown}
Comestibles
 f - a royal jelly
 l - 2 beef jerkies
 p - a meat ration


   Skills:
 + Level 3.7 Fighting
 + Level 3.1 Dodging
 - Level 2.1 Stealth
 * Level 5.7 Unarmed Combat


You had 3 spell levels left.
You didn't know any spells.

Dungeon Overview and Level Annotations

Branches:
Dungeon (3/15)

Altars:
Dithmenos
Nemelex Xobeh
Okawaru

Annotations:
D:3 Sigmund


Innate Abilities, Weirdness & Mutations

Your body is rotting away.
You thrive on raw meat.
You have sharp fingernails.
You are carnivorous and can eat meat at any time.
Your flesh is cold resistant.
You are immune to negative energy.
Your system is resistant to poisons.
You heal slowly when monsters are visible.
You are immune to unholy pain and torment.
You can survive without breathing.


Message History

Your claw misses the hobgoblin.
The hobgoblin is heavily wounded.
The hobgoblin misses you.
Sigmund hits you from afar with a scythe of venom!
* * * LOW HITPOINT WARNING * * *
You scratch the hobgoblin but do no damage.
The hobgoblin is heavily wounded.
The hobgoblin barely misses you.
You barely miss the hobgoblin.
The hobgoblin is heavily wounded.
The hobgoblin hits you with a club.
* * * LOW HITPOINT WARNING * * *
You closely miss the hobgoblin.
The hobgoblin is heavily wounded.
Sigmund closely misses you.
You claw the hobgoblin!
You kill the hobgoblin!
Okawaru accepts your kill.
Sigmund hits you from afar with a scythe of venom.
You die...

...# #.# ...# #.# #..# ##
#.# ##..# .# #.# .... .. #.#
#<.# .# ##.## #.
#..##.##########...##
###.###.@##.........)......
.........r)@.....######...##
###.##..####.###.######.###
###. #..# #.# #...........
#.#. #..# #.###>.......###
#..##.#.# #...########...
###.#.###.###.### ###....
#....## ##....# .......
#.#.#.###.##### ###....
..###.#.## .......


You could see Sigmund and a rat.

Vanquished Creatures
  3 adders (D:2)
  2 worms (D:2)
  2 giant geckos (D:1)
  2 ball pythons (D:1)
  2 giant cockroaches
  5 goblins
  3 hobgoblins
  2 jackals (D:1)
  3 kobolds (D:1)
  A quokka (D:3)
  12 bats
  3 giant newts (D:1)
  3 rats (D:1)
43 creatures vanquished.

Notes
Turn   | Place    | Note
--------------------------------------------------------------
     0 | D:1      | Mysteryquy, the Ghoul Monk, began the quest for the Orb.
     0 | D:1      | Reached XP level 1. HP: 19/19 MP: 1/1
   130 | D:1      | Reached XP level 2. HP: 15/25 MP: 2/2
   337 | D:1      | Reached skill level 5 in Unarmed Combat
   454 | D:1      | Reached XP level 3. HP: 20/29 MP: 3/3
   667 | D:2      | Found an iron altar of Okawaru.
   888 | D:2      | Became a worshipper of Warmaster Okawaru
   888 | D:2      | Acquired Okawaru's first power
  1011 | D:2      | Found a shadowy altar of Dithmenos.
  1082 | D:2      | Reached XP level 4. HP: 26/38 MP: 3/3
  1600 | D:3      | Found a sparkling altar of Nemelex Xobeh.
  1693 | D:3      | Noticed Sigmund
  1708 | D:3      | Slain by Sigmund

Action                   |  1- 3 |  4- 6 || total
-------------------------+-------+-------++-------
Melee: Unarmed           |    95 |    50 ||   145
 Stab: Sleeping          |     2 |       ||     2
  Eat: Chunk             |       |     7 ||     7
